 Dungeon Crawl Stone Soup version 0.20-a0-433-g9e36e56 (webtiles) character file.

50 hairmachine the Slasher (level 4, -4/35 HPs)
             Began as a Human Fighter on Jan 3, 2017.
             Killed from afar by Natasha (7 damage)
             ... with a magic dart
             ... on level 2 of the Dungeon.
             The game lasted 00:03:22 (1173 turns).

hairmachine the Slasher (Human Fighter)             Turns: 1173, Time: 00:03:27

Health: -4/35      AC:  6    Str: 22    XL:     4   Next: 4%
Magic:  4/4        EV:  7    Int:  8    God:
Gold:   35         SH:  9    Dex: 13    Spells: 3/3 levels left

rFire  . . .     SeeInvis .     a - +0 long sword
rCold  . . .     Gourm    .     b - +0 scale mail
rNeg   . . .     Faith    .     c - +0 shield
rPois  .         Spirit   .     (no helmet)
rElec  .         Reflect  .     (no cloak)
rCorr  .         Harm     .     (no gloves)
MR     .....                    (no boots)
Stlth  ..........               (no amulet)
                                (no ring)
                                (no ring)

@: mighty, slowed, very slow
A: no striking features
a: no special abilities


You were on level 2 of the Dungeon.
You were not hungry.

You visited 1 branch of the dungeon, and saw 2 of its levels.

You collected 35 gold pieces.


   Skills:
 - Level 3.0 Fighting
 + Level 4.0 Long Blades
 - Level 3.0 Armour
 - Level 3.0 Shields


You had 3 spell levels left.
You didn't know any spells.

Inventory:

Hand Weapons
 a - a +0 long sword (weapon)
Armour
 b - a +0 scale mail (worn)
 c - a +0 shield (worn)
Scrolls
 e - a scroll of blinking {!r, unknown}
 h - a scroll of teleportation {!r, unknown}
 i - a scroll of random uselessness {!r, unknown}
 k - a scroll of identify {!r, unknown}
Potions
 j - a potion of curing {!q, unknown}
Comestibles
 f - a bread ration
 g - 8 chunks of flesh

Dungeon Overview and Level Annotations

Branches:
Dungeon (2/15)

Altars:

Annotations:
D:2 Natasha

###..##h#####.#
#.#...g##@# #.#
#<#.#..##.#####h#
#.........#.5...#
###.#..####.#####
#.#..####.#
#....)5.5.#
########.#..######
#........#....<....
#.##.##....########
#. #..### #. ##)#
.# #.# .
#.############# .#
#.##........... #
#....#.########
#......######


You could see Natasha.


Message History

g - 7 chunks of flesh (gained 4)
Things that are here:
a club; a hobgoblin skeleton
Found a stone staircase leading up.
A bat comes into view.
You block the bat's attack. You block the bat's attack.
The bat barely misses you.
Found a white potion and a glass wand.
You hit the bat.
You kill the bat!
Your Long Blades skill increases to level 4!
You have reached level 4!
You feel agile.
You butcher the bat corpse.
g - 8 chunks of flesh (gained 1)
A goblin comes into view. It is wielding a club.
The goblin shouts!
Natasha, Servant of Life and Death comes into view.
Natasha extends her claws.
Natasha casts a spell.
You hit the goblin.
The goblin is severely wounded.
The goblin hits you with a club.
Natasha casts a spell.
You block the goblin's attack.
Damage: -8%(-3hp) hp: 92%(32hp)
You barely miss the goblin.
The goblin is severely wounded.
The goblin hits you but does no damage.
Unknown command.
You barely miss the goblin.
The goblin is severely wounded.
You block the goblin's attack.
Natasha casts a spell.
You barely miss the goblin.
The goblin is severely wounded.
The goblin barely misses you.
The iron imp disappears for a moment.
You slash the goblin!
You kill the goblin!
The white imp closely misses you.
You hit the white imp but do no damage. The white imp barely misses you.
You hit the white imp.
The white imp is lightly wounded.
You block the white imp's attack.
You closely miss the white imp.
The white imp is lightly wounded.
The white imp gestures at you. The puff of frost hits you!
Damage: -15%(-5hp) hp: 80%(28hp)
You hit the iron imp.
The iron imp is moderately wounded.
You hit the iron imp but do no damage.
The iron imp is moderately wounded.
The iron imp barely misses you.
You hit the iron imp but do no damage.
The iron imp is moderately wounded.
The iron imp hits you but does no damage.
You slash the iron imp!
The iron imp is severely wounded.
The iron imp hits you.
* * * LOW HITPOINT WARNING * * *
Damage: -14%(-5hp) hp: 66%(23hp)
The white imp grinds its teeth.
Natasha mumbles some strange words.
Unknown command.
You miss Natasha. You block Natasha's attack. x2
Your shield and scale mail prevent you from hitting Natasha.
Natasha mumbles some strange words.
You feel troubled. Natasha claws you.
* * * LOW HITPOINT WARNING * * *
Damage: -15%(-5hp) hp: 60%(21hp)
You completely miss Natasha. You block Natasha's attack.
You hit Natasha but do no damage. Natasha claws you!
* * * LOW HITPOINT WARNING * * *
Natasha claws you but does no damage.
Huge Dmg: -20%(-7hp) hp: 40%(14hp) Really quaff
d - a potion of might {!q}?
You feel very mighty all of a sudden. Natasha claws you but does no damage.
You closely miss Natasha. Natasha claws you.
* * * LOW HITPOINT WARNING * * *
Huge Dmg: -14%(-5hp) hp: 26%(9hp)
Your shield and scale mail prevent you from hitting Natasha.
You block Natasha's attack.
Unknown command.
Your shield prevents you from hitting Natasha.
The shadow imp disappears in a puff of smoke!
Natasha stares at you and mumbles some strange words.
You feel yourself slow down.
You closely miss Natasha. Natasha claws you!
* * * LOW HITPOINT WARNING * * *
Natasha claws you but does no damage.
Huge Dmg: -20%(-7hp) hp: 9%(3hp)
You slash Natasha!
Natasha is severely wounded.
Natasha stares at you and mumbles some strange words.
The magic dart hits you!
You die...

Vault maps used:
D:1:      mrwooster_arrival_statue, minmay_misc_feat_nine_boxes
D:2:      dancing_weapons_uskayaw, marbit_many_paths, old_standard_altar,
          overflow_temple_1_default, minmay_misc_feat_encased, uniq_natasha

Notes
Turn   | Place    | Note
-------+----------+-------------------------------------------
     0 | D:1      | hairmachine the Human Fighter began the quest for the Orb.
     0 | D:1      | Reached XP level 1. HP: 18/18 MP: 1/1
   100 | D:1      | Reached XP level 2. HP: 24/24 MP: 2/2
   230 | D:1      | Reached skill level 3 in Long Blades
   380 | D:1      | Reached XP level 3. HP: 29/29 MP: 3/3
  1115 | D:2      | Reached skill level 4 in Long Blades
  1115 | D:2      | Reached XP level 4. HP: 35/35 MP: 4/4
  1121 | D:2      | Noticed Natasha
  1173 | D:2      | Killed from afar by Natasha

Vanquished Creatures
  3 dart slugs (D:1)
  A leopard gecko (D:1)
  2 ball pythons (D:1)
  6 bats
  2 giant cockroaches (D:1)
  4 goblins
  4 hobgoblins
  5 jackals (D:1)
  2 kobolds (D:1)
  A frilled lizard (D:2)
  9 rats (D:1)
39 creatures vanquished.

Action                   |  1- 3 |  4- 6 || total
-------------------------+-------+-------++-------
Melee: Long sword        |    91 |    21 ||   112
  Use: Potion            |       |     1 ||     1
  Eat: Chunk             |     1 |       ||     1
Armor: Scale mail        |    35 |     4 ||    39
Dodge: Dodged            |    24 |     4 ||    28
Block: Shield            |    32 |     7 ||    39
       Rpst.: Long sword |     7 |       ||     7

Skill      XL: |  1  2  3 |
---------------+----------+-----
Long Blades    | 3 4 |  4.0
Fighting       | |  3.0
Armour         | |  3.0
Shields        | |  3.0
